 Dungeon Crawl Stone Soup version 0.27-a0-1416-g941b2bd30b (webtiles) character file.

Game seed: 11212664471318486118

28203 wakim the Thaumaturge (level 13, -8/89 HPs)
             Began as a Djinni Fire Elementalist on July 1, 2021.
             Was a High Priest of Nemelex Xobeh.
             Killed from afar by an ice dragon (87 damage)
             ... with a blast of cold
             ... in an ice cave.
             The game lasted 00:59:28 (19819 turns).

wakim the Thaumaturge (Djinni Fire Elementalist)   Turns: 19819, Time: 00:59:28

Health: -8/89      AC:  5    Str:  7    XL:     13   Next: 71%
Gold:   3189       EV: 21    Int: 21    God:    Nemelex Xobeh [*****.] SH:  5 Dex: 15

rFire    + + .     SeeInvis .   b - +2 demon blade (venom)
rCold    x . .     Faith    .   j - +0 buckler
rNeg     . . .     Spirit   .   f - +0 robe
rPois    ∞         Reflect  .   d - +0 hat
rElec    .         Harm     .   s - +0 cloak
rCorr    .         Rampage  .   k - +1 pair of gloves
Will     ++...                  (boots unavailable)
Stlth    ++........             p - amulet of regeneration
HPRegen  1.24/turn              n - +4 ring of evasion
MPRegen  0.00/turn              g - ring of willpower

@: flying
A: sickness immunity, fire resistance 2, cold vulnerability 1, float, innate
caster, hp casting, extra vitality 1
a: Renounce Religion, Draw Escape, Draw Destruction, Draw Summoning, Triple
Draw, Deal Four, Stack Five


You were in an ice cave.
You worshipped Nemelex Xobeh.
Nemelex Xobeh was extremely pleased with you.
You visited 3 branches of the dungeon, and saw 14 of its levels.
You also visited: Ice Cave.

You collected 3189 gold pieces.

Inventory:

Hand Weapons
 a - a +2 short sword of speed
 b - a +2 demon blade of venom (weapon)
Missiles
 m - 2 throwing nets {=f!f}
Armour
 d - a +0 hat (worn)
 f - a +0 robe (worn)
 j - a +0 buckler (worn)
 k - a +1 pair of gloves (worn)
 s - a +0 cloak (worn)
Jewellery
 c - a +6 ring of dexterity
 e - an amulet of reflection
 g - a ring of willpower (right hand)
 i - a +6 ring of intelligence
 n - a +4 ring of evasion (left hand)
 p - an amulet of regeneration (around neck)
 q - a ring of wizardry
Wands
 v - a wand of flame (44)
 x - a wand of iceblast (12)
 y - a wand of paralysis (10)
Scrolls
 o - 4 scrolls of enchant armour
 r - 2 scrolls of identify
 Q - 4 scrolls of immolation {!r!r}
 R - 3 scrolls of magic mapping {!r}
 T - 4 scrolls of teleportation
 U - a scroll of fear
 X - a scroll of fog
Potions
 h - 2 potions of flight {unknown}
 B - 2 potions of attraction {!q}
 C - 2 potions of berserk rage {!q}
 D - a potion of brilliance
 H - a potion of haste
 J - 3 potions of heal wounds
 L - 5 potions of lignification {!q}
 N - 4 potions of might
 O - a potion of resistance


   Skills:
 + Level 6.9 Fighting
 + Level 9.7 Long Blades
 - Level 10.0 Dodging
 - Level 3.0 Stealth
 - Level 4.0 Shields
 * Level 11.3 Spellcasting
 - Level 6.0 Invocations


You couldn't memorise any spells.
You knew the following spells:

 Your Spells              Type           Power      Damage    Failure   Level
a - Foxfire               Conj/Fire      100%       2x1d9     1%          1
b - Inner Flame           Hex/Fire       56%        N/A       1%          3
c - Apportation           Tloc           100%       N/A       1%          1
d - Conjure Flame         Conj/Fire      56%        6-21      1%          3
e - Blink                 Tloc           N/A        N/A       1%          2
f - Summon Guardian Gole  Hex/Summ       56%        N/A       1%          3
g - Ignite Poison         Fire/Tmut/Pois 56%        N/A       1%          3
i - Iskenderun's Battles  Conj           56%        2d11      1%          5
q - Sticky Flame          Conj/Fire      56%        2d7       1%          4
w - Summon Mana Viper     Hex/Summ       56%        N/A       1%          5
x - Fireball              Conj/Fire      28%        3d12      1%          5
Your spell library was empty.

Dungeon Overview and Level Annotations

Branches:
Dungeon (8/15)             Temple (1/1) D:5            Lair (5/6) D:8
  Swamp (0/4) Lair:3        Snake (0/4) Lair:3        IceCv (1/1)
  Slime: Lair:5-6

Altars:
Ashenzari
Cheibriados
Dithmenos
Elyvilon
Fedhas
Gozag
Hepliaklqana
Kikubaaqudgha
Makhleb
Nemelex Xobeh
Qazlal
Ru
Sif Muna
Trog
Uskayaw
Vehumet
Wu Jian
Xom
Yredelemnul
Zin
The Shining One

Shops:
D:3 (

Annotations:
D:8 2 transporters, Anon1729's ghost, novice OpTm


Innate Abilities, Weirdness & Mutations

You are immune to sickness and miasma.
You are immune to poison.
Your flesh is very heat resistant. (rF++)
You are vulnerable to cold. (rC-)
You float through the air rather than walking.
You learn spells naturally, not from books.
Your magical power is your life essence.
You have superior vitality. (+4 HP)


Message History

Partly explored, can't reach some places.
Unknown command.
An ice dragon comes into view.
Casting: Fireball (dangerous; 1% risk of failure)
Confirm with . or Enter, or press ? or * to list all spells.
A mana viper appears with a sibilant hiss.
Casting: Summon Mana Viper (dangerous; 1% risk of failure)
Confirm with . or Enter, or press ? or * to list all spells.
Aiming: Inner Flame (safe; 1% risk of failure)
Press: ? - help, Shift-Dir - straight line, f - ice dragon
Aim: an ice dragon (asleep, ally target, chance to affect: 86%)
The ice dragon roars deafeningly!
The ice dragon is filled with an intense inner flame!
An ice dragon comes into view.
Casting: Inner Flame (safe; 1% risk of failure)
Confirm with . or Enter, or press ? or * to list all spells.
Aiming: Fireball (dangerous; 1% risk of failure)
Press: ? - help, Shift-Dir - straight line, p - ice dragon The fireball explodes!
The fireball engulfs the ice dragon!
The ice dragon is burned terribly!
Flame seeps out of the ice dragon.
The ice dragon is lightly wounded.
The fireball engulfs the ice dragon!!
The ice dragon is burned terribly!
The ice dragon is moderately wounded.
The ice dragon is engulfed in blazing flames.
Flame seeps out of the ice dragon.
The ice dragon bites your mana viper. The ice dragon claws your mana viper!
The ice dragon tramples your mana viper!
Your mana viper holds its ground!
Casting: Fireball (dangerous; 1% risk of failure)
Confirm with . or Enter, or press ? or * to list all spells.
Aiming: Inner Flame (safe; 1% risk of failure)
Press: ? - help, Shift-Dir - straight line, f - ice dragon
Aim: an ice dragon (moderately wounded, chance to affect: 86%)
The ice dragon is filled with an intense inner flame!
Your mana viper bites the ice dragon!
Flame seeps out of the ice dragon.
The ice dragon breathes frost at you. The blast of cold hits you!!!!
You feel a terrible chill!
Ouch! That really hurt!
You die...
Your body glows with a rainbow of weird colours and disappears.

###....##
####..##
###
##..###.##
$
##.#....#
."
#...##.#
...
#####..###
....
#...##.##


SD... ##......#.D.°.# ####..@...# ######## You could see 2 ice dragons and a
friendly mana viper (summoned).

Vanquished Creatures
  A boulder beetle (Lair:5)
  3 hydras
  A catoblepas (Lair:4)
  Urug (Lair:2)
  Pikel (D:6)
  2 ice statues (IceCv)
  3 black mambas (Lair:3)
  9 cane toads
  9 komodo dragons
  3 rime drakes
  2 polar bears
  Grinder (D:4)
  5 blink frogs (Lair:4)
  3 basilisks
  Eustachio (D:4)
  42 yaks
  Menkaure (D:7)
  Edmund (D:4)
  23 water moccasins
  Duvessa (D:7)
  4 orc warriors
  2 ogres
  A sky beast (D:6)
  4 black bears
  A hornet zombie (D:8)
  15 ice beasts
  A necrophage (D:5)
  5 wolves (Lair:1)
  3 centaurs
  A lemure (D:6)
  15 bullfrogs
  A gnoll sergeant (D:8)
  4 scorpions
  Dowan (D:7)
  3 killer bees (D:7)
  A bullfrog zombie (D:5)
  4 hounds
  2 jellies (D:6)
  2 centaur zombies
  A gnoll shaman (D:7)
  4 orc priests
  A centaur skeleton (D:7)
  An iguana (D:5)
  8 orc wizards
  2 hound zombies
  17 gnolls
  10 adders
  11 white imps
  An ufetubus (D:4)
  An adder skeleton (D:4)
  A worm (D:2)
  A dart slug (D:1)
  20 orcs
  10 ball pythons
  7 endoplasms
  6 hobgoblins
  4 jackals (D:1)
  6 kobolds
  2 quokkas
  6 bats
  3 frilled lizards
  7 goblins
  5 rats
  2 bushes (Lair:2)
320 creatures vanquished.

Vanquished Creatures (collateral kills)
  A komodo dragon (Lair:1)
  The ghost of sagitran the Fighter, a weakling GnWn of Yredelemnul (D:3)
  4 white imps (Lair:5)
6 creatures vanquished.

Vanquished Creatures (others)
  417 foxfires
  79 fungi
  65 plants
561 creatures vanquished.

Grand Total: 887 creatures vanquished

Notes
Turn   | Place    | Note
-------+----------+-------------------------------------------
     0 | D:1      | wakim the Djinni Fire Elementalist began the quest for the
                  | Orb.
     0 | D:1      | Reached XP level 1. HP: 15/15 MP: 0/0
     3 | D:1      | Noticed an electric eel
     4 | D:1      | Noticed an electric eel
   352 | D:1      | Reached XP level 2. HP: 20/21 MP: 0/0
  1066 | D:1      | Reached XP level 3. HP: 25/25 MP: 0/0
  1066 | D:1      | Learned a level 1 spell: Apportation
  1620 | D:2      | Reached skill level 3 in Spellcasting
  1689 | D:2      | You are sucked into a shaft and drop 2 floors!
  1699 | D:4      | Reached XP level 4. HP: 26/31 MP: 0/0
  2064 | D:4      | Noticed a scorpion
  2065 | D:4      | Reached XP level 5. HP: 17/35 MP: 0/0
  2065 | D:4      | Learned a level 2 spell: Blink
  2251 | D:3      | Found Xoanoduvull's Antique Weapon Shoppe.
  2295 | D:3      | Found a runed translucent gate.
  2296 | D:3      | Noticed sagitran's ghost (weakling GnWn)
  2763 | D:3      | Found a runed translucent gate.
  2763 | D:3      | Found a runed translucent gate.
  4360 | D:2      | Reached XP level 6. HP: 31/40 MP: 0/0
  4710 | D:4      | Reached skill level 4 in Spellcasting
  4889 | D:4      | Noticed Edmund
  4895 | D:4      | Noticed Grinder
  4898 | D:4      | Killed Edmund
  5204 | D:4      | Killed Grinder
  5205 | D:4      | Reached skill level 5 in Spellcasting
  5205 | D:4      | Reached XP level 7. HP: 40/45 MP: 0/0
  5205 | D:4      | Learned a level 3 spell: Summon Guardian Golem
  5276 | D:4      | Noticed Eustachio
  5287 | D:4      | Killed Eustachio
  5288 | D:4      | Reached skill level 5 in Dodging
  5374 | D:4      | Reached XP level 8. HP: 46/50 MP: 0/0
  5793 | D:5      | Entered Level 5 of the Dungeon
  6431 | D:5      | Reached skill level 6 in Spellcasting
  6587 | D:5      | Found a staircase to the Ecumenical Temple.
  6603 | Temple   | Entered the Ecumenical Temple
  6870 | Temple   | Became a worshipper of Nemelex Xobeh the Trickster
  8144 | D:6      | Reached skill level 1 in Invocations
  8152 | D:6      | Reached skill level 1 in Fighting
  8159 | D:6      | Reached skill level 1 in Long Blades
  8335 | D:5      | Reached XP level 9. HP: 32/57 MP: 0/0
  8335 | D:5      | Learned a level 3 spell: Ignite Poison
  9723 | D:6      | Found a stormy altar of Qazlal.
  9724 | D:6      | Found an ornate altar of the Wu Jian Council.
  9724 | D:6      | Found a bloodstained altar of Trog.
  9725 | D:6      | Found a broken altar of Ashenzari.
  9860 | D:6      | Reached skill level 1 in Shields
 10038 | D:7      | Reached * piety under Nemelex Xobeh
 10038 | D:7      | Noticed Pikel
 10043 | D:6      | Killed Pikel
 10044 | D:6      | Reached skill level 5 in Invocations
 10318 | D:7      | Found a blossoming altar of Fedhas.
 10322 | D:7      | Reached XP level 10. HP: 44/65 MP: 0/0
 10329 | D:7      | Reached skill level 7 in Spellcasting
 10589 | D:7      | Noticed Menkaure
 11013 | D:7      | Killed Menkaure
 11731 | D:7      | Received a gift from Nemelex Xobeh
 11958 | D:7      | Noticed Duvessa
 11960 | D:7      | Noticed Dowan
 11972 | D:7      | Killed Duvessa
 11978 | D:7      | Killed Dowan
 11978 | D:7      | HP: 2/67 [spore (8)]
 12556 | D:7      | Received a gift from Nemelex Xobeh
 12725 | D:8      | Reached ** piety under Nemelex Xobeh
 12728 | D:8      | Reached skill level 8 in Spellcasting
 13364 | D:8      | Found a transporter.
 13367 | D:8      | Found a transporter.
 13367 | D:8      | Noticed Anon1729's ghost (novice OpTm)
 13884 | D:8      | Reached skill level 5 in Fighting
 14159 | D:8      | Received a gift from Nemelex Xobeh
 14219 | D:8      | Found a staircase to the Lair.
 14230 | D:8      | Reached XP level 11. HP: 73/76 MP: 0/0
 14230 | D:8      | Learned a level 5 spell: Summon Mana Viper
 14618 | D:3      | Killed sagitran's ghost
 14683 | Lair:1   | Entered Level 1 of the Lair of Beasts
 15558 | Lair:1   | Reached skill level 5 in Long Blades
 15572 | Lair:1   | Reached skill level 9 in Spellcasting
 15929 | Lair:1   | Received a gift from Nemelex Xobeh
 16366 | Lair:2   | Reached *** piety under Nemelex Xobeh
 16394 | Lair:2   | Reached XP level 12. HP: 64/83 MP: 0/0
 16479 | Lair:2   | Noticed a four-headed hydra
 16494 | Lair:2   | Killed a four-headed hydra
 16905 | Lair:2   | Noticed Urug
 16913 | Lair:2   | Killed Urug
 17363 | Lair:3   | Received a gift from Nemelex Xobeh
 17375 | Lair:3   | Reached skill level 10 in Spellcasting
 17529 | Lair:3   | Found a staircase to the Snake Pit.
 17541 | Lair:3   | Reached skill level 10 in Dodging
 17668 | Lair:3   | Reached XP level 13. HP: 71/87 MP: 0/0
 17668 | Lair:3   | Learned a level 5 spell: Iskenderun's Battlesphere
 17752 | Lair:3   | Reached **** piety under Nemelex Xobeh
 17836 | Lair:3   | Identified 2 scrolls of acquirement
 17836 | Lair:3   | Acquired 970 gold pieces
 17838 | Lair:3   | Acquired 1275 gold pieces
 17873 | Lair:3   | Found a staircase to the Swamp.
 18001 | Lair:3   | Received a gift from Nemelex Xobeh
 18353 | Lair:4   | Noticed a four-headed hydra
 18358 | Lair:4   | Killed a four-headed hydra
 18596 | Lair:4   | Received a gift from Nemelex Xobeh
 18961 | Lair:4   | Reached ***** piety under Nemelex Xobeh
 18980 | Lair:4   | Noticed a catoblepas
 18992 | Lair:4   | Killed a catoblepas
 19161 | Lair:5   | Received a gift from Nemelex Xobeh
 19161 | Lair:5   | Found a frozen archway.
 19189 | Lair:5   | Noticed a five-headed hydra
 19191 | Lair:5   | Reached skill level 11 in Spellcasting
 19219 | Lair:5   | Killed a five-headed hydra
 19250 | Lair:5   | Noticed a boulder beetle
 19259 | Lair:5   | Killed a boulder beetle
 19351 | IceCv    | Entered an ice cave
 19814 | IceCv    | Noticed an ice dragon
 19816 | IceCv    | Noticed an ice dragon
 19819 | IceCv    | Killed from afar by an ice dragon

Illustrated notes

Levels and vault maps discovered:
D:1:      arrival_aquarium_b, layout_basic
D:2:      layout_rooms
D:3:      layout_basic, ebering_ghost_rock_garden, serial_shops,
          nicolae_shop_waterfront
D:4:      layout_loops_ring, uniq_edmund, uniq_eustachio, uniq_grinder
D:5:      layout_loops_corners, minmay_temple_entry_water_ring
D:6:      layout_cave_pools, chequers_temple_overflow_statue_of_worship,
          kennysheep_minor_cross
D:7:      layout_gridville, vehumet_crystals, fedhas_altar_4, uniq_menkaure,
          uniq_duvessa, uniq_pikel
D:8:      layout_basic, due_lair_maze_entry_diamond, gammafunk_ghost_arena,
          hangedman_abyss_or_decor_clamps, nrook_mini_vaults
Temple:   regret_index_temple_generic_petals
Lair:1:   layout_loops_ring, serial_bayou_shore_b
Lair:2:   layout_roguey, infiniplex_staircase_pool_2, uniq_urug
Lair:3:   layout_long_grid, swamp_mist, minmay_snake_entry_six_corridors,
          serial_bayou_crossing
Lair:4:   layout_regular_city, chequers_serial_rivers_micro_e
Lair:5:   layout_small_grid, portal_ice_cave_entry_imps
IceCv:    ice_cave_small_dragons

Skill      XL: |  1  2  3  4  5  6  7  8  9 10 11 12 13 |
---------------+----------------------------------------+-----
Stealth        | 2 3 |  3.0
Spellcasting   | 3 5 6 8 9 10 11 | 11.3
Dodging        | 3 4 5 6 7 10 | 10.0
Invocations    | 2 5 6 |  6.0
Fighting       | 1 2 5 6 |  6.9
Long Blades    | 1 2 3 6 8 9 |  9.7
Shields        | 3 4 |  4.0

Action                   |  1- 3 |  4- 6 |  7- 9 | 10-12 | 13-15 || total
-------------------------+-------+-------+-------+-------+-------++-------
Melee: Demon blade       |    15 |    16 |    44 |   134 |    93 ||   302
 Cast: Foxfire           |    48 |    82 |    78 |    36 |    13 ||   257
       Sticky Flame      |       |     3 |     4 |    30 |    10 ||    47
       Inner Flame       |       |     5 |    32 |    55 |    20 ||   112
       Conjure Flame     |       |       |     3 |       |       ||     3
       Fireball          |       |       |     2 |     9 |     5 ||    16
       Summon Guardian G |       |       |     2 |       |     1 ||     3
       Ignite Poison     |       |       |     2 |    14 |    17 ||    33
       Blink             |       |       |     1 |     3 |       ||     4
       Summon Mana Viper |       |       |       |     2 |     2 ||     4
       Iskenderun's Batt |       |       |       |       |     3 ||     3
  Use: Scroll            |       |     8 |     5 |     3 |     6 ||    22
 Stab: Sleeping          |       |     1 |     1 |     3 |     2 ||     7
Armor: Robe              |     2 |     7 |     8 |    36 |    13 ||    66
Dodge: Dodged            |    20 |    19 |    33 |   141 |   100 ||   313
Block: Other             |       |       |     9 |       |       ||     9
       Reflection        |       |       |     3 |     2 |       ||     5
       Buckler           |       |       |    10 |    98 |    22 ||   130
       Rpst.: Demon blade |     8 |     5 |     8 |    37 |    29 ||    87

Table legend: (Time is in decaauts)
 A = Elapsed time spent in this place.
 B = Non-inter-level travel time spent in this place.
 C = Inter-level travel time spent in this place.
 D = Time resting spent in this place.
 E = Time spent auto-exploring this place.
 F = Levels seen in this place.
 G = Mean time per level.
                   A        B        C        D        E       F      G
               +--------+--------+--------+--------+--------+-----+--------+
         Total |  19848 |  19187 |    661 |   1571 |  15085 |  15 | 1323.2 |
       Dungeon |  14428 |  13898 |    530 |   1535 |  10750 |   8 | 1803.5 |
        Temple |    303 |    246 |     57 |      0 |    214 |   1 |  303.0 |
          Lair |   4656 |   4583 |     73 |      0 |   3832 |   5 |  931.2 |
      Ice Cave |    459 |    459 |      0 |     36 |    289 |   1 |  459.0 |
               +--------+--------+--------+--------+--------+-----+--------+

Top non-repeatable levels by time:
     D:6: 2363 daAuts
     D:7: 2230 daAuts
     D:5: 2118 daAuts
     D:3: 1602 daAuts
     D:4: 1591 daAuts
     D:2: 1573 daAuts
  Lair:1: 1555 daAuts
     D:1: 1536 daAuts
     D:8: 1412 daAuts
  Lair:2: 1080 daAuts
  Lair:3: 965 daAuts
  Lair:4: 833 daAuts
   IceCv: 459 daAuts
  Temple: 303 daAuts
  Lair:5: 221 daAuts
